 Dungeon Crawl Stone Soup version 0.31-a0-435-g2c6fae2916 (webtiles) character file.

Game seed: 12595899449926471256

2 Narvad the Grave Robber (level 1, 0/13 HPs)
             Began as a Human Necromancer on Aug 1, 2023.
             Slain by a hobgoblin (3 damage)
             ... on level 1 of the Dungeon.
             The game lasted 00:03:26 (34 turns).

Narvad the Grave Robber (Human Necromancer)           Turns: 34, Time: 00:03:27

Health: 0/13       AC:  2    Str:  8    XL:     1   Next: 44%
Magic:  0/3        EV: 12    Int: 15    God:
Gold:   0          SH:  0    Dex: 13    Spells: 3/4 levels left

rFire   . . .        (no weapon)
rCold   . . .        (no shield)
rNeg    . . .        a - +0 robe
rPois   .            (no helmet)
rElec   .            (no cloak)
rCorr   .            (no gloves)
SInv    .            (no boots)
Will    .....        (no amulet)
Stlth   ++           (no ring)
HPRegen 0.22/turn    (no ring)
MPRegen 0.08/turn

%: no passive effects
@: no status effects
A: no striking features
a: no special abilities


You were on level 1 of the Dungeon.
You visited 1 branch of the dungeon, and saw 1 of its levels.

Inventory:

Armour
 a - a +0 robe (worn)
Potions
 b - a potion of magic


   Skills:
 + Level 2.0 Dodging
 + Level 2.0 Stealth
 + Level 2.0 Spellcasting
 + Level 4.0 Necromancy


You had 3 spell levels left.
You knew the following spells:

 Your Spells              Type           Power      Damage    Failure   Level
a - Necrotise             Necr           52%        1d6       4%          1

Your spell library contained the following spells:

 Spells                   Type           Power      Damage    Failure   Level
 Vampiric Draining        Necr           13%        2d6       13%         3
 Animate Dead             Necr           13%        N/A       38%         4
 Agony                    Necr           13%        N/A       75%         5


Dungeon Overview and Level Annotations

Branches:
Dungeon (1/15)

Altars:


Message History

You don't have enough magic to cast this spell.
You enter the shallow water.
Moving in this stuff is going to be slow.
Your goblin skeleton closely misses the hobgoblin.
The goblin attacks as you move away! The goblin hits you with a +0 dagger.
The goblin attacks as you move away!
The goblin splashes around in the water.
There is a large open door here.
You close the large door.
A goblin opens the large door.
You close the large door.
A goblin breaks down the large door.
It's broken and can't be closed.
Aiming: Necrotise (safe; 4% risk of failure)
Press: ? - help, Q - select action Shift-Dir - straight line, f - goblin
Aim: a goblin, wielding a +0 dagger (ally target, chance to affect: 83%)
The goblin writhes in agony.
You hit the goblin.
The goblin is severely wounded.
Your goblin skeleton completely misses the hobgoblin.
The goblin hits you with a +0 dagger.
You barely miss the goblin.
The goblin is severely wounded.
The goblin hits you with a +0 dagger.
You hit the goblin.
You kill the goblin!
The rat closely misses you.
You barely miss the rat. The rat barely misses you.
The hobgoblin barely misses you.
You barely miss the rat. The rat bites you. The hobgoblin hits you.
You hit the rat.
The rat is heavily wounded.
The rat bites you.
Your goblin skeleton hits the hobgoblin but does no damage.
The hobgoblin misses you.
You hit the rat but do no damage.
The rat is heavily wounded.
The rat bites you.
* * * LOW HITPOINT WARNING * * *
The hobgoblin hits you.
You die...

####.......## ..##
........... ..... #.
#......#.##......
#.##......#...).....
#.~~§§≈§≈~~~##......
#.~8~~§≈~~8~# .....
#.~~8~~~Z8~~# ....
##.≈~~#rg#~~≈# ...
#..≈§~#@.#~≈≈# ..
..#≈≈~#.<#~≈≈# .
#≈~~####~~≈#
#~~8~~~~8~~#
#~8~~≈§~~8~#
..~~~≈≈≈≈~~~..
##............##
#.#########.## #. +#


You could see a hobgoblin, a rat (ally target) and a friendly goblin skeleton.

Vanquished Creatures
  2 goblins (D:1)
2 creatures vanquished.

Notes
Turn   | Place    | Note
-------+----------+-------------------------------------------
     0 | D:1      | Narvad the Human Necromancer began the quest for the Orb.
     0 | D:1      | Reached XP level 1. HP: 13/13 MP: 3/3
    34 | D:1      | Slain by a hobgoblin

Illustrated notes

Levels and vault maps discovered:
D:1:      lightli_arrival_boilingwater, layout_basic, minmay_tromino_i4

Action                     || total
---------------------------++-------
  Melee: Unarmed           ||     7
   Cast: Necrotise         ||     4
  Dodge: Dodged            ||     4

Table legend: (Time is in decaauts)
 A = Elapsed time spent in this place.
 B = Non-inter-level travel time spent in this place.
 C = Inter-level travel time spent in this place.
 D = Time resting spent in this place.
 E = Time spent auto-exploring this place.
 F = Levels seen in this place.
 G = Mean time per level.
                   A        B        C        D        E       F      G
               +--------+--------+--------+--------+--------+-----+--------+
         Total |     38 |     38 |      0 |      0 |      6 |   1 |   38.0 |
       Dungeon |     38 |     38 |      0 |      0 |      6 |   1 |   38.0 |
               +--------+--------+--------+--------+--------+-----+--------+

Top non-repeatable levels by time:
     D:1: 38 daAuts
